 Dungeon Crawl Stone Soup version 0.28.0-43-g3370ac3207 (webtiles) character file.

Game seed: 2347378680696629590

27 weregamer the Insei (level 3, 26/26 HPs)
             Began as a Human Transmuter on Mar 29, 2022.
             Was a Follower of Nemelex Xobeh.
             Quit the game on level 2 of the Dungeon.
             The game lasted 00:12:06 (1543 turns).

weregamer the Insei (Human Transmuter)              Turns: 1543, Time: 00:12:06

Health: 26/26      AC:  4    Str: 12    XL:     3   Next: 25%
Magic:  6/6        EV: 11    Int: 13    God:    Nemelex Xobeh [*.....]
Gold:   66         SH:  0    Dex: 13    Spells: 0/6 levels left

rFire   . . .      SeeInvis .   g - staff of poison
rCold   . . .      Faith    .   (no shield)
rNeg    . . .      Spirit   .   c - +1 leather armour
rPois   +          Reflect  .   (no helmet)
rElec   .          Harm     .   (no cloak)
rCorr   .          Rampage  .   (no gloves)
Will    .....                   (no boots)
Stlth   +.........              (no amulet)
HPRegen 0.08/turn               (no ring)
MPRegen 0.10/turn               (no ring)

@: no status effects
A: no striking features
a: Renounce Religion, Draw Escape, Draw Destruction, Draw Summoning


You were on level 2 of the Dungeon.
You worshipped Nemelex Xobeh.
Nemelex Xobeh was aware of your devotion.
You visited 1 branch of the dungeon, and saw 2 of its levels.

You collected 66 gold pieces.

Inventory:

Armour
 a - a +0 robe
 c - a +1 leather armour (worn)
Magical Staves
 g - a staff of poison (weapon)
Scrolls
 b - a scroll of vulnerability {unknown}
 e - a scroll of noise {unknown}
Potions
 d - a potion of heal wounds {unknown}
 f - a potion of flight {unknown}


   Skills:
 + Level 1.2 Fighting
 + Level 2.0 Dodging
 + Level 3.5 Unarmed Combat
 + Level 2.0 Spellcasting
 * Level 2.8 Transmutations


You couldn't memorise any spells.
You knew the following spells:

 Your Spells              Type           Power      Damage    Failure   Level
a - Beastly Appendage     Tmut           16%        N/A       11%         1
b - Wereblood             Tmut           8%         N/A       16%         2
c - Spider Form           Tmut/Pois      7%         N/A       50%         3

Your spell library contained the following spells:

 Spells                   Type           Power      Damage    Failure   Level
 Summon Small Mammal      Summ           4%         N/A       32%         1
 Call Canine Familiar     Summ           1%         N/A       67%         3
 Summon Guardian Golem    Hex/Summ       1%         N/A       67%         3
 Ice Form                 Ice/Tmut       4%         N/A       88%         4


Dungeon Overview and Level Annotations

Branches:
Dungeon (2/15)

Altars:
Nemelex Xobeh


Message History

Casting: Beastly Appendage (safe; 11% risk of failure)
Confirm with . or Enter, or press ? or * to list all spells.
Your blood is infused with primal strength.
A rat comes into view.
The hobgoblin closely misses you.
The rat moves out of view.
You hit the hobgoblin. Your kick misses the hobgoblin.
The hobgoblin is heavily wounded.
The hobgoblin barely misses you.
You hit the hobgoblin but do no damage.
You claw the hobgoblin, but do no damage.
The hobgoblin is heavily wounded.
Your transformation is almost over.
The hobgoblin closely misses you.
You hit the hobgoblin but do no damage.
The hobgoblin is heavily wounded.
The hobgoblin hits you.
You barely miss the hobgoblin. You claw the hobgoblin.
You headbutt the hobgoblin, but do no damage.
The hobgoblin is almost dead.
The hobgoblin barely misses you.
You hit the hobgoblin.
You feel a bit better.
You kill the hobgoblin!
Things that are here:
a +0 leather armour; a hobgoblin corpse You closely miss the rat.
You claw the rat.
You kill the rat!
You howl as the wereblood boils in your veins!
Your horns disappear.
Your talons disappear.
Your primal bloodlust is almost over.
You howl as the wereblood boils in your veins!
Your primal bloodlust has ended.
You see here a staff of poison.
g - a staff of poison
g - a staff of poison (weapon)
This spell is extremely dangerous to cast!
Memorise Spider Form, consuming 3 spell levels and leaving 0?
You start memorising the spell.
You continue memorising. x3
You finish memorising.
Spell assigned to 'c'.
Unknown command.
Are you sure you want to abandon this character and quit the game? (Confirm with "yes".)

.# ########### ...
#.........# ####
#..######.........#####...
#.....................#...
#......@................
#.............##....#...
##.............##........
#......###.....######.###
#......# #..........#.#..
#......# #......###.#.#.#
#......# #......#..<#.#.#
#..... ####...#
#......##..#.#.#
#...<#+#####...#
#............#.+


There were no monsters in sight!

Vanquished Creatures
  3 dart slugs
  3 endoplasms
  2 goblins (D:2)
  2 hobgoblins (D:2)
  2 jackals (D:2)
  A ball python (D:1)
  2 bats (D:2)
  4 frilled lizards (D:2)
  2 rats (D:2)
21 creatures vanquished.

Notes
Turn   | Place    | Note
-------+----------+-------------------------------------------
     0 | D:1      | weregamer the Human Transmuter began the quest for the Orb.
     0 | D:1      | Reached XP level 1. HP: 15/15 MP: 3/3
   683 | D:1      | Reached XP level 2. HP: 21/21 MP: 3/5
   888 | D:1      | Learned a level 2 spell: Wereblood
  1107 | D:2      | Found a faded altar of an unknown god.
  1115 | D:2      | Prayed at the altar of an unknown god.
  1115 | D:2      | Became a worshipper of Nemelex Xobeh the Trickster
  1115 | D:2      | Reached * piety under Nemelex Xobeh
  1233 | D:2      | Reached XP level 3. HP: 26/26 MP: 1/6
  1244 | D:2      | Received a gift from Nemelex Xobeh
  1543 | D:2      | Learned a level 3 spell: Spider Form
  1543 | D:2      | Quit the game

Illustrated notes

Levels and vault maps discovered:
D:1:      dpeg_arrival_radiant, layout_basic
D:2:      layout_basic, basic_ecumenical_altar, hangedman_decor_push

Action                   || total
-------------------------++-------
Melee: Unarmed           ||    51
       Kick              ||    16
       Headbutt          ||     7
       Punch             ||     1
 Cast: Beastly Appendage ||    15
       Wereblood         ||     5
  Use: Scroll            ||     3
Armor: Leather armour    ||     7
       Robe              ||     1
Dodge: Dodged            ||    36
